 Dungeon Sprint DCSS version 0.18-a0-1126-ga2d7f46 (webtiles) character file.

64040 Kidiri the Imperceptible (level 13, -16/56 HPs)
             Began as a Spriggan Enchanter on Jan 20, 2016.
             Was the Champion of Dithmenos.
             Killed from afar by an Ice Fiend (27 damage)
             ... with a bolt of cold
             ... summoned by a deep elf demonologist
             ... in the Dungeon (Sprint III: "The Ten Rune Challenge").
             The game lasted 00:30:19 (5351 turns).

Kidiri the Imperceptible (Spriggan Enchanter)       Turns: 5351, Time: 00:30:19

Health: -16/56     AC:  7    Str:  4    XL:     13   Next: 50%
Magic:  16/35      EV: 14    Int: 22    God:    Dithmenos [******]
Gold:   476        SH:  0    Dex: 19    Spells: 14 memorised, 4 levels left

rFire  + + .     SeeInvis +     C - +2 short sword (holy)
rCold  . . .     Gourm    .     f - fire dragon hide
rNeg   . . .     Faith    .     (shield restricted)
rPois  +         Spirit   .     x - +2 hat {Int+3}
rElec  +         Dismiss  .     (no cloak)
rCorr  .         Reflect  .     (gloves unavailable)
SustAt .         Harm     .     (boots unavailable)
MR     ++...     Rnd*Rage +     (no amulet)
Stlth  ++++++++++ NoTele   +    (no ring)
                                (no ring)

@: very slightly contaminated, wreathed by umbra, very quick, very resistant to
hostile enchantments, uncannily stealthy
A: unfitting armour, fangs 1, rugged brown scales 1, see invisible, berserk 1,
cold resistance 1, herbivore 3, speed 3, poison resistance, electricity
resistance, slow metabolism 2, wild magic 1
a: Shadow Step, Shadow Form, Renounce Religion
}: 2/10 runes: decaying, barnacled


You were in the Dungeon.
You worshipped Dithmenos.
Dithmenos was exalted by your worship.
You were not hungry.

You visited 1 branch You collected 1978 gold pieces.
You spent 1502 gold pieces at shops.

Inventory:

Hand Weapons
 C - a +2 short sword of holy wrath (weapon)
Missiles
 a - 6 throwing nets (quivered)
Armour
 d - a +2 robe of magic resistance
 f - a fire dragon hide (worn)
 x - a +2 hat of intelligence (worn)
Scrolls
 e - a scroll of fog
 j - a scroll of blinking
 m - 3 scrolls of identify
 n - 3 scrolls of remove curse
Potions
 b - a potion of ambrosia
 g - 3 potions of haste
 h - a potion of magic
 i - 2 potions of berserk rage
 o - 2 potions of agility
 p - 2 potions of flight
 r - 2 potions of cure mutation
 s - 2 potions of might
 v - a potion of cancellation
 w - 2 potions of curing
Books
 c - a book of Clouds

   Spells                             Type                      Level
   a - Mephitic Cloud                 Conjuration/Poison/Air       3
   b - Conjure Flame                  Conjuration/Fire             3
   c - Poisonous Cloud                Conjuration/Poison/Air       6
   d - Freezing Cloud                 Conjuration/Ice/Air          6
   e - Ring of Flames                 Charms/Fire                  7
Comestibles
 q - 7 fruits
 t - 26 royal jellies


   Skills:
 * Level 16.4 Short Blades
 * Level 20.6 Dodging
 * Level 22.1 Stealth
 * Level 17.7 Spellcasting
 + Level 8.5 Conjurations
 + Level 13.4 Hexes
 + Level 13.0 Charms
 + Level 1.7 Translocations
 + Level 8.2 Ice Magic
 + Level 1.0 Air Magic
 + Level 0.6 Poison Magic
 - Level 2.8 Invocations


You had 4 spell levels left.
You knew the following spells:

 Your Spells              Type           Power        Failure   Level  Hunger
a - Corona                Hex            #######      4%          1    None
b - Ensorcelled Hibernat  Hex/Ice        ######       13%         2    None
c - Confuse               Hex            #######.     9%          3    None
d - Tukima's Dance        Hex            #######.     9%          3    None
e - Dazzling Spray        Conj/Hex       #######.     22%         3    None
f - Searing Ray           Conj           ######       22%         2    None
g - Fulminant Prism       Conj/Hex       #######...   45%         4    None
h - Iskenderun's Mystic   Conj           ######..     85%         4    None
i - Iskenderun's Battles  Conj/Chrm      #######.     91%         5    #......
j - Apportation           Tloc           #####.....   98%         1    None
k - Shroud of Golubria    Chrm/Tloc      ######....   34%         2    None
l - Passage of Golubria   Tloc           N/A          100%        4    None
m - Mephitic Cloud        Conj/Pois/Air  ######..     99%         3    None
n - Freezing Cloud        Conj/Ice/Air   ######....   100%        6    ####...


Dungeon Overview and Level Annotations

Branches:
Dungeon (1/1)

Altars:
Cheibriados
Dithmenos
Elyvilon
Fedhas
Gozag
Kikubaaqudgha
Makhleb
Nemelex Xobeh
Okawaru
Pakellas
Qazlal
Ru
Sif Muna
Trog
Vehumet
Xom
Yredelemnul
Zin
The Shining One
Jiyva
Lugonu

Shops:
D %:((?}(


Innate Abilities, Weirdness & Mutations

You are tiny and cannot use many weapons and most armour.
You have supernaturally acute eyesight.
You are a herbivore.
You cover ground extremely quickly.
You need consume almost no food.
You have very sharp teeth.
You are partially covered in rugged brown scales (AC +1, +3% HP).
You tend to lose your temper in combat.
Your flesh is cold resistant.
Your system is resistant to poisons.
You are resistant to electric shocks.
Your spells are a little harder to cast, but a little more powerful.


Message History

Drink which item? (? for menu, Esc to quit)
Okay, then.
You see here an elf corpse.
Casting: Dazzling Spray
Confirm with . or Enter, or press ? or * to list all spells.
Aiming: Dazzling Spray
Press: ? - help, Shift-Dir - straight line, f/p - deep elf mage
Aim: a deep elf mage, wielding a long sword and wearing a leather armour (black smoke, lightly wounded, umbra)
Okay, then.
Unknown command.
Casting: Dazzling Spray
Confirm with . or Enter, or press ? or * to list all spells.
Aiming: Tukima's Dance
Press: ? - help, Shift-Dir - straight line, f/p - deep elf mage
Aim: a deep elf mage, wielding a long sword and wearing a leather armour (black smoke, lightly wounded, umbra, chance to defeat MR: 94%)
The long sword dances into the air!
The deep elf mage hits you but does no damage.
The Ice Fiend gestures at you. The bolt of cold hits you!
You die...

▓▓▓▓▓ ▓▓▓▓▓
######.#.###.#.#######
[#__#....##...(§e#...# .
)#%_#.........##@#..)##≈≈
##+##.........##§#...≈≈≈.
....#........∩.#1#...##≈
....#..##..#.###§§...#
###'#)..#.#### #######
#...#'###########################
#...#....#)#)#)....#......+...≈≈#
#...##.#.)#.##.###.#......#...≈≈#
#...'##.#.#.##.#:.##......#.%.≈≈≈


You could see an Ice Fiend, a deep elf mage and a friendly long sword.

Vanquished Creatures
  Xtahua (D)
  Rupert (D)
  Polyphemus (D)
  Gastronok (D)
  Maud (D)
  Ilsuiw (D)
  2 dire elephants (D)
  A merfolk javelineer (D)
  6 fire dragons (D)
  Erolcha (D)
  3 hydras (D)
  3 death yaks (D)
  An orc high priest (D)
  A deep elf knight (D)
  A sea snake (D)
  A spriggan druid (D)
  A death drake (D)
  A lindwurm (D)
  3 deep elf magi (D)
  2 elephants (D)
  2 black mambas (D)
  2 spiny frogs (D)
  A komodo dragon (D)
  A queen bee (D)
  A fire drake (D)
  3 wandering mushrooms (D)
  2 giant leeches (D)
  7 blink frogs (D)
  5 redbacks (D)
  2 spriggans (D)
  A shadow (D)
  A spatial vortex (D)
  2 hill giants (D)
  An orc warrior (D)
  A swamp drake (D)
  A necrophage (D)
  3 two-headed ogres (D)
  A water elemental (D)
  32 killer bees (D)
  An electric eel (D)
  An orc priest (D)
  A jelly (D)
  An orc wizard (D)
  Jessica (D)
  A necromancer (D)
  A wizard (D)
  A wolf (D)
  3 sheep (D)
  A kobold demonologist (D)
  3 humans (D)
  An ooze (D)
  8 orcs (D)
  2 rats (D)
  A plant (D)
129 creatures vanquished.

Vanquished Creatures (collateral kills)
  2 orc high priests (D)
  A deep elf mage (D)
  An orc sorcerer (D)
  2 orc warriors (D)
  An orc wizard (D)
7 creatures vanquished.

Vanquished Creatures (others)
  2 draconian scorchers (D)
  2 yaktaurs (D)
  2 fire drakes (D)
  2 fulminant prisms (D)
  10 plants (D)
18 creatures vanquished.

Grand Total: 154 creatures vanquished

Notes
Turn   | Place    | Note
--------------------------------------------------------------
     0 | D        | Kidiri the Spriggan Enchanter began the quest for the Orb.
     0 | D        | Reached XP level 1. HP: 9/9 MP: 5/5
     9 | D        | Reached skill level 5 in Stealth
    26 | D        | Noticed Jessica
    52 | D        | Killed Jessica
    52 | D        | Reached skill level 6 in Stealth
    52 | D        | Reached XP level 2. HP: 1/13 MP: 5/8
    52 | D        | Reached XP level 3. HP: 1/16 MP: 5/9
   153 | D        | Learned a level 2 spell: Ensorcelled Hibernation
   157 | D        | Learned a level 3 spell: Confuse
   161 | D        | Learned a level 3 spell: Dazzling Spray
   181 | D        | Killed a yaktaur
   241 | D        | Killed a white draconian scorcher
   287 | D        | Killed a white draconian scorcher
   293 | D        | Killed a fire drake
   439 | D        | Reached skill level 5 in Dodging
   439 | D        | Reached skill level 7 in Stealth
   448 | D        | Reached skill level 5 in Spellcasting
   448 | D        | Reached XP level 4. HP: 21/21 MP: 1/12
   470 | D        | Learned a level 3 spell: Tukima's Dance
   508 | D        | Killed a fire drake
   541 | D        | Noticed a water elemental
   543 | D        | Killed a water elemental
   543 | D        | Reached skill level 8 in Stealth
   543 | D        | Reached skill level 1 in Conjurations
   543 | D        | Reached skill level 5 in Hexes
   543 | D        | Reached skill level 1 in Ice Magic
   554 | D        | Noticed a shadow
   556 | D        | Killed a shadow
   556 | D        | Reached skill level 5 in Short Blades
   556 | D        | Reached skill level 9 in Stealth
   556 | D        | Reached XP level 5. HP: 24/24 MP: 12/15
   556 | D        | Reached XP level 6. HP: 28/28 MP: 13/17
   560 | D        | Reached skill level 10 in Stealth
   585 | D        | Found an oddly glowing altar of Pakellas.
   585 | D        | Found a stormy altar of Qazlal.
   586 | D        | Found a sacrificial altar of Ru.
   586 | D        | Found a burning altar of Makhleb.
   586 | D        | Found a viscous altar of Jiyva.
   586 | D        | Found a shimmering altar of Xom.
   586 | D        | Found a shadowy altar of Dithmenos.
   586 | D        | Found a sparkling altar of Nemelex Xobeh.
   586 | D        | Found a corrupted altar of Lugonu.
   586 | D        | Found an opulent altar of Gozag.
   586 | D        | Noticed a spatial vortex
   590 | D        | Became a worshipper of Dithmenos the Shadowed
   592 | D        | Killed a spatial vortex
   592 | D        | Reached skill level 1 in Invocations
   616 | D        | Found a radiant altar of Vehumet.
   617 | D        | Found a deep blue altar of Sif Muna.
   617 | D        | Found an ancient bone altar of Kikubaaqudgha.
   628 | D        | Noticed a rust devil
   630 | D        | Reached * piety under Dithmenos
   798 | D        | Found a glowing silver altar of Zin.
   799 | D        | Found a glowing golden altar of the Shining One.
   799 | D        | Found a white marble altar of Elyvilon.
   799 | D        | Noticed a deep elf mage
   809 | D        | Killed a deep elf mage
   809 | D        | Reached skill level 10 in Dodging
   809 | D        | Reached skill level 11 in Stealth
   809 | D        | Reached XP level 7. HP: 30/32 MP: 10/20
   821 | D        | Learned a level 2 spell: Searing Ray
   826 | D        | Learned a level 4 spell: Fulminant Prism
   831 | D        | Learned a level 4 spell: Iskenderun's Mystic Blast
   872 | D        | Found an iron altar of Okawaru.
   873 | D        | Found a bloodstained altar of Trog.
   873 | D        | Noticed a human
   873 | D        | Noticed a human
   875 | D        | Killed a human
   875 | D        | Reached skill level 12 in Stealth
   876 | D        | Killed a human
   876 | D        | Reached ** piety under Dithmenos
   876 | D        | Reached XP level 8. HP: 36/36 MP: 20/22
   892 | D        | Found a snail-covered altar of Cheibriados.
   893 | D        | Found a basalt altar of Yredelemnul.
   893 | D        | Found a blossoming altar of Fedhas.
   926 | D        | Reached *** piety under Dithmenos
   926 | D        | Reached skill level 10 in Spellcasting
   931 | D        | Killed a yaktaur
   934 | D        | Reached skill level 13 in Stealth
   940 | D        | Noticed Erolcha
   942 | D        | Killed Erolcha
   942 | D        | Reached skill level 14 in Stealth
   942 | D        | Reached XP level 9. HP: 39/39 MP: 24/24
   967 | D        | Learned a level 5 spell: Iskenderun's Battlesphere
   976 | D        | Reached skill level 10 in Short Blades
   976 | D        | Reached skill level 1 in Charms
   976 | D        | Reached skill level 5 in Ice Magic
   981 | D        | Reached **** piety under Dithmenos
  1063 | D        | Noticed a queen bee
  1305 | D        | Reached ***** piety under Dithmenos
  1553 | D        | Killed a queen bee
  1553 | D        | Reached skill level 15 in Stealth
  1599 | D        | Reached ****** piety under Dithmenos
  1692 | D        | Reached XP level 10. HP: 44/44 MP: 21/27
  1717 | D        | Reached skill level 5 in Conjurations
  1954 | D        | Reached skill level 5 in Charms
  2070 | D        | Noticed a spiny frog
  2070 | D        | Noticed a spiny frog
  2073 | D        | Killed a spiny frog
  2075 | D        | Killed a spiny frog
  2075 | D        | Reached skill level 16 in Stealth
  2108 | D        | Reached skill level 15 in Dodging
  2487 | D        | Noticed a lindwurm
  2495 | D        | Killed a lindwurm
  2495 | D        | Reached skill level 10 in Hexes
  2813 | D        | Noticed Maud
  2815 | D        | Killed Maud
  2815 | D        | Reached skill level 17 in Stealth
  2815 | D        | Reached XP level 11. HP: 47/47 MP: 29/29
  2821 | D        | Noticed a seven-headed hydra
  2821 | D        | Noticed a seven-headed hydra
  2824 | D        | Killed a seven-headed hydra
  2825 | D        | Killed a seven-headed hydra
  2864 | D        | Noticed a death drake
  2867 | D        | Killed a death drake
  2877 | D        | Found a blossoming altar of Fedhas.
  2877 | D        | Noticed a spriggan druid
  2884 | D        | Killed a spriggan druid
  3025 | D        | Noticed Polyphemus
  3026 | D        | Noticed a sea snake
  3026 | D        | Noticed Ilsuiw
  3026 | D        | Found Uqame's Magic Scroll Emporium.
  3027 | D        | Killed Polyphemus
  3027 | D        | Reached skill level 18 in Stealth
  3033 | D        | Killed Ilsuiw
  3044 | D        | Found Puagrebi's Gadget Shop.
  3044 | D        | Found Reovap's Antique Weapon Shoppe.
  3044 | D        | Noticed a merfolk javelineer
  3046 | D        | Killed a sea snake
  3074 | D        | Killed a merfolk javelineer
  3074 | D        | Reached skill level 15 in Spellcasting
  3094 | D        | Got a barnacled rune of Zot
  3181 | D        | Reached XP level 12. HP: 51/51 MP: 32/32
  3193 | D        | Reached skill level 19 in Stealth
  3231 | D        | Noticed Rupert
  3236 | D        | Killed Rupert
  3236 | D        | Reached skill level 10 in Charms
  3243 | D        | Noticed a death yak
  3244 | D        | Noticed an azure jelly
  3244 | D        | Noticed a death yak
  3244 | D        | Noticed an azure jelly
  3244 | D        | Noticed a death yak
  3245 | D        | Killed a death yak
  3255 | D        | Killed a death yak
  3403 | D        | Killed a death yak
  3408 | D        | Reached skill level 20 in Stealth
  3436 | D        | Noticed a fire dragon
  3439 | D        | Killed a fire dragon
  3448 | D        | Found Botoh's Food Shoppe.
  3448 | D        | Found Fuwnime's Book Boutique.
  3448 | D        | Found Diwepsy's Antique Weapon Emporium.
  3448 | D        | Noticed a fire dragon
  3448 | D        | Noticed a fire dragon
  3450 | D        | Noticed a fire dragon
  3456 | D        | Killed a fire dragon
  3466 | D        | Killed a fire dragon
  3559 | D        | Killed a fire dragon
  3559 | D        | Reached skill level 15 in Short Blades
  3725 | D        | Noticed a four-headed hydra
  3725 | D        | Noticed a fire dragon
  3725 | D        | Noticed Xtahua
  3725 | D        | Noticed a fire dragon
  3727 | D        | Killed Xtahua
  3727 | D        | Reached XP level 13. HP: 55/55 MP: 29/34
  3729 | D        | Killed a fire dragon
  3729 | D        | Reached skill level 21 in Stealth
  3730 | D        | Killed a fire dragon
  3743 | D        | Got a decaying rune of Zot
  3840 | D        | Noticed an azure jelly
  3840 | D        | Noticed an azure jelly
  3841 | D        | Noticed a dire elephant
  3841 | D        | Noticed a dire elephant
  3841 | D        | Noticed Gastronok
  3843 | D        | Killed Gastronok
  4132 | D        | Killed a dire elephant
  4145 | D        | Killed a dire elephant
  4486 | D        | Found Byruurakhla's Antique Weapon Shop.
  4518 | D        | Reached skill level 22 in Stealth
  4819 | D        | Bought a scroll of identify for 26 gold pieces
  4819 | D        | Bought a scroll of identify for 26 gold pieces
  4819 | D        | Bought a scroll of identify for 26 gold pieces
  4819 | D        | Bought a scroll of identify for 26 gold pieces
  4819 | D        | Bought a scroll of identify for 26 gold pieces
  4819 | D        | Bought a scroll of identify for 26 gold pieces
  4819 | D        | Bought a scroll of identify for 26 gold pieces
  4825 | D        | Gained mutation: You tend to lose your temper in combat. [potion of mutation]
  4825 | D        | Gained mutation: Your flesh is cold resistant. [potion of mutation]
  4825 | D        | Gained mutation: You have very sharp teeth. [potion of mutation]
  4826 | D        | Gained mutation: You are resistant to electric shocks. [potion of mutation]
  4826 | D        | Gained mutation: You are partially covered in rugged brown scales (AC +1, +3% HP). [potion of mutation]
  4827 | D        | Gained mutation: Your system is resistant to poisons. [potion of mutation]
  4827 | D        | Gained mutation: Your spells are a little harder to cast, but a little more powerful. [potion of mutation]
  5139 | D        | Bought a book of Clouds for 540 gold pieces
  5139 | D        | Bought a book of Spatial Translocations for 780 gold pieces
  5159 | D        | Learned a level 1 spell: Apportation
  5162 | D        | Learned a level 2 spell: Shroud of Golubria
  5167 | D        | Learned a level 4 spell: Passage of Golubria
  5180 | D        | Learned a level 3 spell: Mephitic Cloud
  5187 | D        | Learned a level 6 spell: Freezing Cloud
  5333 | D        | Reached skill level 1 in Translocations
  5341 | D        | Noticed an Ice Fiend
  5341 | D        | Reached skill level 1 in Air Magic
  5347 | D        | Noticed a deep elf demonologist
  5351 | D        | Killed from afar by an Ice Fiend

Vault maps used:
D:        dungeon_sprint_mu

Action                   |  1- 3 |  4- 6 |  7- 9 | 10-12 | 13-15 || total
-------------------------+-------+-------+-------+-------+-------++-------
Melee: Dagger            |    21 |    14 |    35 |    59 |    36 ||   165
       Short sword       |       |       |       |       |     6 ||     6
Throw: Throwing net      |       |       |       |       |     4 ||     4
 Cast: Corona            |     3 |       |       |       |     1 ||     4
       Ensorcelled Hiber |     4 |     1 |    29 |    22 |    13 ||    69
       Dazzling Spray    |       |     7 |     4 |    26 |    24 ||    61
       Confuse           |       |     1 |       |     6 |       ||     7
       Tukima's Dance    |       |     1 |       |       |     8 ||     9
       Fulminant Prism   |       |       |     2 |       |       ||     2
       Searing Ray       |       |       |     1 |       |       ||     1
       Iskenderun's Myst |       |       |       |       |     3 ||     3
Invok: Shadow Step       |       |       |       |    13 |     1 ||    14
  Use: Potion            |     1 |     1 |     1 |     1 |     4 ||     8
       Scroll            |       |       |       |       |     6 ||     6
 Stab: Sleeping          |     5 |     4 |    31 |    45 |    11 ||    96
       Invisible         |       |     1 |     1 |     1 |     3 ||     6
       Confused          |       |       |       |     1 |       ||     1
       Held in net/web   |       |       |       |       |     1 ||     1
  Eat: Bread ration      |       |       |       |     1 |       ||     1
